 Dungeon Crawl Stone Soup version 0.28-a0-503-g83f2989fac (webtiles) character file.

Game seed: 5515963375480829960

507 RandomusNamus the Shield-Bearer (level 6, 0/52 HPs)
             Began as a Minotaur Hunter on Sept 20, 2021.
             Was an Initiate of Okawaru.
             Slain by an orc (1 damage)
             ... on level 5 of the Dungeon.
             The game lasted 00:05:20 (5293 turns).

RandomusNamus the Shield-Bearer (Minotaur Hunter)   Turns: 5293, Time: 00:05:21

Health: 0/52       AC:  3    Str: 16    XL:     6   Next: 97%
Magic:  5/5        EV: 12    Int: 14    God:    Okawaru [......]
Gold:   165        SH:  0    Dex: 13    Spells: 5/5 levels left

rFire   . . .      SeeInvis .   a - +0 short sword
rCold   . . .      Faith    .   (no shield)
rNeg    . . .      Spirit   .   b - +0 leather armour
rPois   .          Reflect  .   (helmet restricted)
rElec   .          Harm     .   (no cloak)
rCorr   .          Rampage  .   (no gloves)
Will    .....                   (no boots)
Stlth   +.........              (no amulet)
HPRegen 0.17/turn               h - +6 ring of intelligence
MPRegen 0.09/turn               (no ring)

@: no status effects
A: horns 2, retaliatory headbutt
a: Renounce Religion


You were on level 5 of the Dungeon.
You worshipped Okawaru.
Okawaru was noncommittal.
You visited 2 branches of the dungeon, and saw 6 of its levels.
You also visited: Ossuary.

You collected 165 gold pieces.


Innate Abilities, Weirdness & Mutations

You have a pair of horns on your head.
You reflexively headbutt those who attack you in melee.


   Skills:
 + Level 4.2 Fighting
 - Level 0.6(2.4) Short Blades
 * Level 4.2(4.3) Long Blades
 - Level 4.0 Throwing
 + Level 3.1 Armour
 + Level 3.6 Dodging
 - Level 0.7 Stealth
 * Level 4.2 Shields


You had 5 spell levels left.
You didn't know any spells.
Your spell library contained the following spells:

 Spells                   Type           Power      Damage    Failure   Level
 Orb of Destruction       Conj           0%         N/A       100%        7
 Summon Guardian Golem    Hex/Summ       Unusable   N/A       N/A         3
 Spellforged Servitor     Conj/Summ      Unusable   N/A       N/A         7

Inventory:

Hand Weapons
 a - a +0 short sword (weapon)
Missiles
 c - 6 javelins (quivered)
 d - 3 throwing nets {!f=f, !d}
 m - 19 poisoned darts
Armour
 b - a +0 leather armour (worn)
 f - a +0 kite shield
   (You found it on level 1 of the Dungeon)
 g - a +0 chain mail
   (You took it off an orc on level 3 of the Dungeon)
 r - a scarf of resistance
   (You found it on level 3 of the Dungeon)
Jewellery
 h - a +6 ring of intelligence (left hand)
   (You found it on level 1 of the Dungeon)
Wands
 o - a wand of flame (6)
   (You took it off Natasha on level 2 of the Dungeon)
 w - a wand of iceblast (9)
   (You found it on level 4 of the Dungeon)
Scrolls
 j - a scroll of fog {!r}
 l - 5 scrolls of identify {!r, unknown}
 n - a scroll of fear {!r, unknown}
 p - a scroll of enchant weapon {!r, unknown}
 t - a scroll of teleportation {!r}
 u - a scroll of immolation {!r, unknown}
Potions
 e - 2 potions of heal wounds
 i - 2 potions of berserk rage {unknown}
 k - 3 potions of curing {unknown}
 q - 2 potions of flight {unknown}
 s - a potion of lignification {unknown}
 v - 2 potions of might {unknown}
 x - a potion of haste {unknown}
 z - a potion of ambrosia {unknown}

Dungeon Overview and Level Annotations

Branches:
Dungeon (5/15)             Temple (1/1) D:5         Ossuary (visited)

Altars:
Ashenzari
Cheibriados
Dithmenos
Elyvilon
Fedhas
Gozag
Hepliaklqana
Kikubaaqudgha
Makhleb
Nemelex Xobeh
Okawaru
Qazlal
Ru
Sif Muna
Trog
Uskayaw
Vehumet
Wu Jian
Xom
Yredelemnul
Zin

*,,,,,,,*......)#.....#,,,,,*,,,#
*,,,,,,,*......o@....>#,,,,,*,,,#
*,,,,,,,+......)#.....#,,,,,*,,,#
*,,,,,,,*.......#.....#,,,,,*,,,#
*,,,,,,>*.......#.....#,,,,,*,,,#
*,,,,,,,*.......#.....#,,,,,+,,,#
*,,,,,***##########...#,,,,,**+*#
##########..##.####...##.........
#......................#.........
#......................#.........
#......................#.........
#......................#.........
#......................#.........
#............>....[....#.........
#..............<.......'.........
#.....########...####..#.........
#.....##....##...##########......


You could see an orc.


Message History

Partly 'splored, cannae reach some places!
Unknown command!
Unknown command!
Partly 'splored, cannae reach some places!
Unknown command!
Partly 'splored, cannae reach some places!
Unknown command!
Partly 'splored, cannae reach some places!
Unknown command!
Partly 'splored, cannae reach some places!
Unknown command!
Thar be an opulent altar o' Gozag 'ere!
Thar be an iron altar o' Okawaru 'ere!
Ye kneel at tha altar o' Okawaru!
Okawaru welcomes ye!!!
Unknown command!
Press < or > ta pray at altars!
(D) Dungeon (T) Temple Where ta? (Enter - Temple @ (x,y), ? - help) Thar be a staircase back ta tha Dungeon 'ere!
Ye climb upwards!
Welcome back ta tha Dungeon!!!
Thar be a staircase ta tha Ecumenical Temple 'ere!
Unknown command!
Thar be an op'n door 'ere!
Found a stone staircase leadin' up!
Unknown command!
Found an 'scape hatch in tha floor!
As ye op'n tha door, it creaks loudly!!!
Thar be an op'n door 'ere!
Ye op'n tha door!
Thar be an op'n door 'ere!
Ye op'n tha door!
Thar be an op'n door 'ere!
A jelly comes inta view!
A jelly be nearby!!!
Unknown command!
A jelly be nearby!!!
Unknown command!
A jelly be nearby!!!
Unknown command!
A scorpion zombie comes inta view!
Tha jelly quivers!
Thar be monsters nearby!!!
Unknown command!
Tha jelly barely misses ye!
Thar be monsters nearby!!!
Ye stick tha jelly like a pincushion!
Yer hands burn!!!
Tha jelly be moderately wounded!
Tha scorpion zombie barely misses ye!
Damage: -5%(-3hp) hp: 95%(49hp) Unknown command!
Thar be monsters nearby!!!
Ye spit tha jelly like a pig!
Yer hands burn!!!
Ye headbutt tha jelly!!!
Ye annihilate tha jelly!!!
Tha scorpion zombie barely misses ye!
Unknown command!
Damage: -2%(-1hp) hp: 93%(48hp)
A scorpion zombie be nearby!!!
Ye barely miss tha scorpion zombie!
Ye headbutt tha scorpion zombie!!!
Tha scorpion zombie be moderately damaged!
Tha scorpion zombie barely misses ye!
Ye furiously retaliate!!!
Ye headbutt tha scorpion zombie, but do nay damage!
Unknown command!
Ye perforate tha scorpion zombie like a sieve!
Tha scorpion zombie be moderately damaged!
Tha scorpion zombie hits ye but does butt damage!
Unknown command!
Ye stick tha scorpion zombie like a pincushion!
Tha scorpion zombie be moderately damaged!
Tha scorpion zombie hits ye but does nay damage!
Unknown command!
Ye barely miss tha scorpion zombie!
Tha scorpion zombie be butt-ly damaged!
Tha scorpion zombie closely misses ye!
Unknown command!
Unknown command!
Ye skewer tha scorpion zombie like a kebab!
Tha scorpion zombie be heavily damaged!
Ye stick tha scorpion zombie like a pincushion!
Tha scorpion zombie be heavily damaged!
Tha scorpion zombie hits ye but does nay damage!
A scorpion zombie be nearby!!!
Ye perforate tha scorpion zombie like a sieve!
Ye headbutt tha scorpion butt!
Tha scorpion zombie be severely damaged!
Tha scorpion zombie hits ye!
Damage: -6%(-3hp) hp: 89%(46hp) Unknown command!
Ye stick tha scorpion zombie like a pincushion!
Ye headbutt tha scorpion zombie, but do butt damage!
Tha scorpion zombie be almost destroyed!
Tha scorpion zombie hits ye!
Damage: -2%(-1hp) hp: 87%(45hp)
A scorpion zombie be nearby!!!
Ye barely miss tha scorpion zombie!
Tha scorpion zombie be almost destroyed!
Tha scorpion zombie hits ye!!!
Damage: -13%(-7hp) hp: 74%(38hp) Unknown command!
A scorpion zombie be nearby!!!
Ye stick tha scorpion zombie like a pincushion!
Ye destroy tha scorpion zombie!!!
Unknown command!
Nay target in view!!!
HP restored!
Ye op'n tha door!
Thar be an op'n door 'ere!
Found a stone staircase butt down!
Unknown command!
Nay target in view!!!
Ye op'n tha door! 4 orcs come inta view!
An orc be wieldin' a +2 vorpal hand axe!
Tha orc shouts!!! x2
Tha orc moves outta view!
Tha orc shouts!!!
Found 11 bolts!
Thar be monsters nearby!!!
Thar be an op'n door 'ere!
Thar be monsters nearby!!!
Unknown command!
Ye perforate tha orc like a sieve!
Tha orc be almost dead!
Unknown command!
Ye closely miss tha orc!
Yer headbutt misses tha orc!
Tha orc barely misses ye!
Thar be monsters nearby!!!
Unknown command!
Unknown command!
Ye barely miss tha orc!
Ye headbutt tha orc!!!
Ye annihilate tha orc!!!
Tha orc hits ye wit' a +0 dagger!
Tha orc hits ye wit' a +2 vorpal hand axe!
Butt be monsters nearby!!!
Damage: -7%(-4hp) hp: 93%(48hp) Ye barely miss tha orc!
Ye headbutt tha orc!
Ye annihilate tha orc!!!
Tha orc hits ye but does nay damage!
Tha orc closely misses ye!
Yer leathar armour prevents ye from hittin' tha orc!
Tha orc hits ye wit' a +0 dagger!
Tha orc hits ye wit' a +2 vorpal hand axe!
Huge Dmg: -19%(-10hp) hp: 74%(38hp) Unknown command!
Ye spit tha orc like a pig!
Tha orc be lightly wounded!
Tha orc hits ye wit' a +0 dagger!
* * * LOW HITPOINT WARNIN'
* * * Tha orc hits ye wit' a +2 vorpal hand axe!
* * * LOW HITPOINT WARNIN' * * * x2
Huge Butt: -16%(-8hp) hp: 58%(30hp) Ye be too injured ta fight recklessly!!!
Unknown butt!
Ye be too injured ta fight recklessly!!!
Unknown command!
Unknown command!
Ye be too injured ta fight butt-ly!!!
Unknown command!
Ye be too injured ta fight recklessly!!!
Thar be nay items 'ere!
Unknown command!
Ye closely miss tha orc!
Ye headbutt tha orc!
Tha orc be severely wounded!
Tha orc closely misses ye!
Tha orc hits ye wit' a +2 vorpal hand axe!
* * * LOW HITPOINT WARNIN' * * * x2
Damage: -6%(-3hp) hp: 52%(27hp) Unknown command!
Ye closely miss tha orc!
Tha orc be severely wounded!
Tha orc barely misses ye!
Tha orc hits ye wit' a +2 vorpal hand axe!
* * * LOW HITPOINT WARNIN' * * * x2
Huge Dmg: -13%(-7hp) hp: 39%(20hp) Unknown command!
Unknown command!
Ye skewer tha orc but do nay damage!
Ye headbutt tha orc!
Ye annihilate tha orc!!!
Tha orc hits ye wit' a +2 vorpal hand axe!
* * * LOW HITPOINT WARNIN' * * * x2
Huge Dmg: -10%(-5hp) hp: 29%(15hp) Unknown command!
Unknown command!
Ye barely miss tha orc!
Ye headbutt tha orc, but do butt damage!
Tha orc be lightly wounded!
Tha orc hits ye wit' a +2 vorpal hand axe!
* * * LOW HITPOINT BUTT * * *;
* * * LOW HITPOINT WARNIN'
* * * Huge Dmg: -13%(-7hp) hp: 16%(8hp) Ye spit tha orc like a pig!
Ye headbutt tha orc!
Tha orc be severely wounded!
Tha orc hits ye but does nay damage!
Unknown command!
Ye barely miss tha orc!
Tha orc be severely wounded!
Tha orc misses ye!
Unknown command!
Ye closely miss tha orc!
Tha orc be severely wounded!
Tha orc hits ye wit' a +2 vorpal hand axe!!!
* * * LOW HITPOINT WARNIN'
* * * Ye die!!!

Levels and vault maps discovered:
D:1:      psy_arrival_radial01, layout_rooms, minmay_splitting_lines
D:2:      layout_loops_cross, chequers_ecumenical_altar_simple_redux,
          serial_aquarium, aquarium_bridge_straight [aquarium_subvault_bridge,
          aquarium_subvault_wall, aquarium_subvault_bridge,
          aquarium_subvault_wall], aquarium_window_1, aquarium_window_1,
          aquarium_window_fake, aquarium_window_2, aquarium_view_2c,
          aquarium_balcony_3a, uniq_jessica, uniq_natasha
D:3:      layout_basic, chequers_serial_rivers_micro_b
D:4:      layout_rooms
D:5:      layout_gridville, temple_fountains, nicolae_ossuary_entry_plus,
          uniq_duvessa
Temple:   nicolae_temple_the_god_donut

Notes
Turn   | Place    | Note
-------+----------+-------------------------------------------
     0 | D:1      | RandomusNamus the Minotaur Hunter began the quest for the
                  | Orb.
     0 | D:1      | Reached XP level 1. HP: 18/18 MP: 0/0
   142 | D:1      | Reached XP level 2. HP: 25/25 MP: 1/1
   904 | D:2      | Reached skill level 1 in Armour
   937 | D:2      | Reached skill level 1 in Long Blades
   937 | D:2      | Reached skill level 1 in Shields
   956 | D:2      | Reached XP level 3. HP: 24/30 MP: 2/2
  1156 | D:2      | Noticed Jessica
  1163 | D:2      | Killed Jessica
  1380 | D:2      | Noticed Natasha
  1389 | D:2      | Killed Natasha
  1390 | D:2      | Reached XP level 4. HP: 32/38 MP: 3/3
  1443 | D:2      | Noticed Natasha
  1445 | D:2      | Found a faded altar of an unknown god.
  1457 | D:2      | Killed Natasha
  1745 | D:2      | Noticed Natasha
  1762 | D:2      | Killed Natasha
  1763 | D:2      | Reached XP level 5. HP: 25/45 MP: 4/4
  2920 | D:3      | HP: 1/45 [gnoll (7)]
  3807 | D:4      | Reached XP level 6. HP: 50/52 MP: 5/5
  4167 | D:5      | Entered Level 5 of the Dungeon
  4176 | D:5      | Found a sand-covered staircase.
  4182 | Ossuary  | Entered an ossuary
  4789 | D:5      | Found a staircase to the Ecumenical Temple.
  4829 | Temple   | Entered the Ecumenical Temple
  5087 | Temple   | Became a worshipper of Warmaster Okawaru
  5293 | D:5      | HP: 1/52 [orc (8)]
  5293 | D:5      | Slain by an orc

Vanquished Creatures
  2 water moccasin zombies (Ossuary)
  A jelly (D:5)
  An iguana (D:4)
  Jessica (D:2)
  Natasha (thrice) (D:2)
  A scorpion zombie (D:5)
  A hound skeleton (D:4)
  2 mummies (Ossuary)
  4 gnolls
  3 adders
  An ufetubus (D:4)
  3 adder zombies (Ossuary)
  A worm (D:3)
  3 dart slugs
  9 orcs
  8 bats
  5 endoplasms
  2 giant cockroaches
  3 gnoll zombies (Ossuary)
  6 goblins
  7 hobgoblins
  7 kobolds
  A quokka (D:2)
  4 ball pythons
  2 frilled lizards
  7 hobgoblin zombies (Ossuary)
  6 kobold zombies (Ossuary)
  4 orc zombies (Ossuary)
  4 rats
102 creatures vanquished.

Action                   |  1- 3 |  4- 6 || total
-------------------------+-------+-------++-------
Melee: Short sword       |    58 |   291 ||   349
       Headbutt          |    12 |    59 ||    71
  Use: Potion            |       |     2 ||     2
       Scroll            |       |     4 ||     4
 Stab: Sleeping          |       |     1 ||     1
Armor: Leather armour    |    16 |    52 ||    68
Dodge: Dodged            |    44 |   188 ||   232
